 Dungeon Crawl Stone Soup version 0.24-a0-487-g57318f2ed0 (webtiles) character file.

Game seed: 8171682706648617445

293 gruber the Slicer (level 6, -2/37 HPs)
             Began as a Kobold Berserker on July 10, 2019.
             Was a Believer of Trog.
             Slain by a quokka (4 damage)
             ... summoned by Eustachio
             ... on level 4 of the Dungeon.
             The game lasted 00:04:07 (2364 turns).

gruber the Slicer (Kobold Berserker)                Turns: 2364, Time: 00:04:08

Health: -2/37      AC:  2    Str: 14    XL:     6   Next: 60%
Magic:  6/6        EV: 18    Int:  5    God:    Trog [**....]
Gold:   95         SH:  0    Dex: 17    Spells: 5/5 levels left

rFire    . . .     SeeInvis .   a - +0 short sword
rCold    . . .     Gourm    .   (shield restricted)
rNeg     . . .     Faith    .   b - +0 animal skin
rPois    .         Spirit   .   (no helmet)
rElec    .         Reflect  .   (no cloak)
rCorr    .         Harm     .   (no gloves)
MR       ++...                  (no boots)
Stlth    ++........             (no amulet)
HPRegen  1.12/turn              j - +3 ring of evasion
MPRegen  0.10/turn              p - -3 ring of intelligence (curse)

@: berserk cooldown, regenerating, slowed, very slow
A: small, carnivore
a: Berserk, Trog's Hand, Renounce Religion


You were on level 4 of the Dungeon.
You worshipped Trog.
Trog was pleased with you.
You were very full.

You visited 1 branch of the dungeon, and saw 4 of its levels.

You collected 95 gold pieces.

Inventory:

Hand Weapons
 a - a +0 short sword (weapon)
Missiles
 t - 9 poisoned darts (quivered)
Armour
 b - a +0 animal skin (worn)
Jewellery
 j - a +3 ring of evasion (left hand)
 p - a cursed -3 ring of intelligence (right hand)
Wands
 n - a wand of iceblast (12)
Scrolls
 d - a scroll of enchant armour {unknown}
 f - 2 scrolls of teleportation {unknown}
 g - a scroll of random uselessness {unknown}
 h - 4 scrolls of identify {unknown}
 i - 4 scrolls of immolation {unknown}
 k - 2 scrolls of remove curse {unknown}
 l - a scroll of blinking {unknown}
 s - 2 scrolls of fog {unknown}
Potions
 e - a potion of magic {unknown}
 m - a potion of berserk rage {unknown}
 o - a potion of experience {unknown}
 q - 2 potions of flight {unknown}
 r - 2 potions of curing {unknown}
Comestibles
 c - 9 rations


   Skills:
 - Level 3.2 Fighting
 + Level 9.1 Short Blades
 - Level 1.5 Armour
 - Level 2.4 Dodging


You had 5 spell levels left.
You didn't know any spells.
Your spell library was empty.

Dungeon Overview and Level Annotations

Branches:
Dungeon (4/15)             Temple (0/1) D:4

Altars:
Yredelemnul

Shops:
D:4 [

Annotations:
D:4 Eustachio


Innate Abilities, Weirdness & Mutations

You are small and have problems with some larger weapons.
You are carnivorous and can eat meat at any time.


Message History

The river rat closely misses you.
You hit the river rat.
The river rat is moderately wounded.
The crimson imp disappears in a puff of smoke!
The iron imp disappears in a puff of smoke!
The bat hits you but does no damage. The quokka bites you.
* * * LOW HITPOINT WARNING * * *
The quokka closely misses you. The river rat completely misses you.
Unknown command.
Unknown command.
You hit the river rat.
The river rat is moderately wounded.
The bat misses you. The quokka completely misses you.
The quokka barely misses you. The river rat misses you. The quokka misses you.
Unknown command.
Unknown command.
Your skin crawls.
You feel resistant to hostile enchantments.
You feel somewhat less full. The quokka bites you.
You die...

## # #+## #. ##...##
#.## ##.....## #... ##.
##.......## #...
.#...####.........###...
......r@r5........+...∩.
.#..§.br5.........###...
.......#@#5......# #...
.###..#.#.#.....## #...
#.#.#.#.#...## ####
#..#.>.#..+##
#.#.#.#.#..#
#...#.#.#...# ######
.....#.#....## #.....


You could see Eustachio, an iron imp, a river rat, a shadow imp, an ufetubus, 2
quokkas and a bat.

Vanquished Creatures
  A phantom (D:4)
  A howler monkey (D:4)
  A worker ant (D:4)
  4 gnolls (D:2)
  2 adders
  An ooze (D:2)
  3 worms (D:2)
  A dart slug (D:1)
  2 leopard geckos
  4 orcs (D:4)
  7 giant cockroaches
  13 goblins
  6 hobgoblins
  A quokka (D:3)
  4 bats
  3 frilled lizards
  9 kobolds
  10 rats
  A spectral orc (D:2)
74 creatures vanquished.

Notes
Turn   | Place    | Note
-------+----------+-------------------------------------------
     0 | D:1      | gruber the Kobold Berserker began the quest for the Orb.
     0 | D:1      | Reached XP level 1. HP: 14/14 MP: 1/1
    23 | D:1      | Reached XP level 2. HP: 19/19 MP: 2/2
   171 | D:1      | Reached skill level 5 in Short Blades
   450 | D:2      | Reached XP level 3. HP: 23/23 MP: 3/3
   497 | D:2      | Reached ** piety under Trog
   504 | D:2      | Reached skill level 6 in Short Blades
   515 | D:2      | Reached XP level 4. HP: 28/28 MP: 4/4
   830 | D:2      | Reached skill level 7 in Short Blades
   830 | D:2      | Reached XP level 5. HP: 21/32 MP: 5/5
  1223 | D:2      | Found a basalt altar of Yredelemnul.
  2065 | D:4      | Noticed a phantom
  2085 | D:4      | Killed a phantom
  2085 | D:4      | Reached skill level 8 in Short Blades
  2085 | D:4      | Reached XP level 6. HP: 37/37 MP: 6/6
  2152 | D:4      | Found Fuipy's Antique Armour Emporium.
  2180 | D:4      | Reached skill level 9 in Short Blades
  2313 | D:4      | Found a staircase to the Ecumenical Temple.
  2322 | D:4      | Noticed Eustachio
  2362 | D:4      | HP: 1/37 [quokka[Eustachio] (4)]
  2364 | D:4      | Slain by a quokka

Levels and vault maps discovered:
D:1:      dpeg_arrival_fog, layout_rooms, st_stairs_4
D:2:      layout_rooms, yredelemnul_forgotten_temple_becter, first_ration,
          minmay_pentomino_pile
D:3:      layout_loops_corners, minivault_24
D:4:      layout_loops_corners, grunt_temple_overflow_diamond,
          minmay_temple_entry_grid, gup_sewer_entry_pipe, serial_shops, shop,
          uniq_eustachio

Skill      XL: |  1  2  3  4  5  6 |
---------------+-------------------+-----
Short Blades   | 5 6 7 8 9 |  9.1
Fighting       | |  3.2
Armour         | |  1.5
Dodging        | |  2.4

Action                   |  1- 3 |  4- 6 || total
-------------------------+-------+-------++-------
Melee: Short sword       |    75 |   225 ||   300
Invok: Berserk           |     2 |     4 ||     6
       Trog's Hand       |       |     2 ||     2
 Stab: Sleeping          |     1 |     1 ||     2
  Eat: Chunk             |     2 |    16 ||    18
Armor: Animal skin       |     6 |    15 ||    21
Dodge: Dodged            |    53 |   202 ||   255

Table legend:
 A = Non-vault XP
 B = Vault XP
 C = Vault XP percentage of total XP
 D = Non-vault monster count
 E = Vault monster count
 F = Vault count percentage of total count
                 A         B        C        D         E       F
            +---------+---------+-------+---------+---------+-------
      Total |     407 |      12 |   2.9 |      67 |       7 |   9.5
            +---------+---------+-------+---------+---------+-------
        D:1 |      21 |       7 |  25.0 |      14 |       3 |  17.6
        D:2 |     123 |       5 |   3.9 |      29 |       4 |  12.1
        D:3 |      26 |       0 |   0.0 |      16 |       0 |   0.0
        D:4 |     237 |       0 |   0.0 |       8 |       0 |   0.0
            +---------+---------+-------+---------+---------+-------
